 Dungeon Crawl Stone Soup version 0.28-a0-909-g796cbd3a86 (webtiles) character file.

Game seed: 4558331408810720385

207 timneilson the Shield-Bearer (level 5, -2/33 HPs)
             Began as a Gargoyle Fighter on Nov 25, 2021.
             Slain by an ogre (10 damage)
             ... on level 3 of the Dungeon.
             The game lasted 00:05:33 (3332 turns).

timneilson the Shield-Bearer (Gargoyle Fighter)     Turns: 3332, Time: 00:05:33

Health: -2/33      AC: 13    Str: 20    XL:     5   Next: 85%
Magic:  5/5        EV: 10    Int:  9    God:
Gold:   150        SH:  4    Dex:  9    Spells: 4/4 levels left

rFire   . . .      SeeInvis .   a - +1 long sword
rCold   . . .      Faith    .   c - +0 buckler
rNeg    + . .      Spirit   .   b - +0 scale mail
rPois   ∞          Reflect  .   i - +2 hat
rElec   +          Harm     .   (no cloak)
rCorr   .          Rampage  .   (no gloves)
Will    .....                   (no boots)
Stlth   ..........              f - amulet of regeneration
HPRegen 1.11/turn               (no ring)
MPRegen 0.09/turn               (no ring)

@: mighty
A: sickness immunity, AC +4, negative energy resistance 1, electricity
resistance, torment resistance 1, petrification resistance
a: no special abilities


You were on level 3 of the Dungeon.
You visited 1 branch of the dungeon, and saw 3 of its levels.

You collected 150 gold pieces.

Inventory:

Hand Weapons
 a - a +1 long sword (weapon)
Armour
 b - a +0 scale mail (worn)
 c - a +0 buckler (worn)
 i - a +2 hat (worn)
Jewellery
 f - an amulet of regeneration (around neck)
Scrolls
 k - a scroll of brand weapon {unknown}
 l - a scroll of amnesia
Potions
 e - 4 potions of curing
 g - a potion of mutation {unknown}
 h - a potion of degeneration {unknown}
 j - a potion of attraction {unknown}


   Skills:
 + Level 3.8 Fighting
 * Level 3.0 Long Blades
 * Level 4.4 Armour
 + Level 1.3 Dodging
 * Level 4.5 Shields


You had 4 spell levels left.
You didn't know any spells.
Your spell library was empty.

Dungeon Overview and Level Annotations

Branches:
Dungeon (3/15)

Altars:

Shops:
D:3 :


Innate Abilities, Weirdness & Mutations

You are immune to sickness and miasma.
Your stone body is resilient. (AC +4)
You are immune to poison.
You resist negative energy. (rN+)
You are resistant to electric shocks. (rElec)
You are resistant to unholy torment.
You are immune to petrification.


Message History

You kill the giant cockroach!
Things that are here:
a giant cockroach corpse; an adder corpse
There is an entrance to Zoplujep's Book Shop here.
You now have 141 gold pieces (gained 9).
e - 4 potions of curing (gained 2)
A goblin comes into view. It is wielding a +0 club.
The goblin shouts!
The goblin unwields a +0 club.
The goblin wields a +0 hunting sling.
The goblin shoots a stone.
The stone hits you but does no damage.
The goblin shoots a stone.
You block the stone.
The goblin shoots a stone.
The stone misses you.
Found a leather armour.
You slash the goblin!
You kill the goblin!
Things that are here:
a +0 hunting sling; a +0 club; 24 stones You see here a +0 leather armour.
You see here a +0 leather armour.
You see here a +0 plate armour.
Found a robe.
You now have 150 gold pieces (gained 9).
Found a leather armour.
A quokka comes into view.
The quokka moves out of view.
The quokka twitches its whiskers.
The quokka bites you but does no damage.
You slash the quokka!
You kill the quokka!
An ogre comes into view. It is wielding a +0 giant spiked club.
The ogre shouts!
You feel very mighty all of a sudden.
You barely miss the ogre.
The ogre hits you with a +0 giant spiked club!!
Ouch! That really hurt!
* * * LOW HITPOINT WARNING * * *
You slash the ogre!
The ogre is heavily wounded.
The ogre hits you with a +0 giant spiked club!
You die...

#...###..###........#
#....######........[#
#.....# #.........##
#.....# #.........#
##...######...######
#..###..###.. #######
#.###....###. #......
#.##......## #.#####
#...@O...... #......
#######..### #..####
# #..# ## #..###.
#...... ##.###.
######.# #. #......#
#. #.########.


You could see an ogre.

Vanquished Creatures
  A hound (D:2)
  A hound skeleton (D:2)
  Robin (D:2)
  3 gnolls (D:3)
  3 adders
  An adder skeleton (D:2)
  A dart slug (D:1)
  3 orcs
  A bat skeleton (D:2)
  2 bat zombies (D:2)
  7 endoplasms
  5 giant cockroaches
  12 goblins
  13 hobgoblins
  A quokka (D:3)
  12 ball pythons
  A ball python zombie (D:2)
  3 bats
  3 frilled lizards
  5 kobolds
  A quokka zombie (D:2)
  4 rats
84 creatures vanquished.

Vanquished Creatures (others)
  22 plants
22 creatures vanquished.

Grand Total: 106 creatures vanquished

Notes
Turn   | Place    | Note
-------+----------+-------------------------------------------
     0 | D:1      | timneilson the Gargoyle Fighter began the quest for the
                  | Orb.
     0 | D:1      | Reached XP level 1. HP: 14/14 MP: 1/1
   189 | D:1      | Reached XP level 2. HP: 11/19 MP: 2/2
   733 | D:1      | Reached XP level 3. HP: 23/23 MP: 3/3
   996 | D:1      | Found a faded altar of an unknown god.
  2077 | D:2      | Reached XP level 4. HP: 25/28 MP: 4/4
  2590 | D:3      | Noticed Robin
  2612 | D:2      | Reached skill level 1 in Dodging
  2613 | D:2      | Reached XP level 5. HP: 27/33 MP: 5/5
  2694 | D:2      | Killed Robin
  3124 | D:3      | Found Zoplujep's Book Shop.
  3327 | D:3      | Noticed an ogre
  3332 | D:3      | Slain by an ogre

Illustrated notes

Levels and vault maps discovered:
D:1:      roderic_crop_circles_arrival_small, layout_loops_ring,
          shapermc_ecumenical_altar_notcrosses, minivault_14,
          minmay_tetromino_t4
D:2:      layout_loops_corners, serial_undead, serial_undead_c, serial_undead_f,
          serial_undead_d, serial_undead_b, serial_undead_f, serial_undead_d,
          serial_undead_b, grunt_ministairs_5, minmay_fractal_squares_5
D:3:      minmay_spotlight, layout_loops_ring, serial_shops,
          nicolae_diamond_shop, serial_bayou_lagoon_a, minivault_19, uniq_robin

Skill      XL: |  1  2  3  4  5 |
---------------+----------------+-----
Long Blades    | 2 3 |  3.0
Shields        | 4 |  4.5
Armour         | 4 |  4.4
Dodging        | 1 |  1.3
Fighting       | |  3.8

Action                   |  1- 3 |  4- 6 || total
-------------------------+-------+-------++-------
Melee: Long sword        |   138 |   137 ||   275
  Use: Scroll            |     3 |     1 ||     4
       Potion            |       |     1 ||     1
Armor: Scale mail        |    79 |    90 ||   169
Dodge: Dodged            |    84 |    77 ||   161
Block: Buckler           |    26 |    36 ||    62

Table legend: (Time is in decaauts)
 A = Elapsed time spent in this place.
 B = Non-inter-level travel time spent in this place.
 C = Inter-level travel time spent in this place.
 D = Time resting spent in this place.
 E = Time spent auto-exploring this place.
 F = Levels seen in this place.
 G = Mean time per level.
                   A        B        C        D        E       F      G
               +--------+--------+--------+--------+--------+-----+--------+
         Total |   3416 |   3347 |     69 |    387 |   2289 |   3 | 1138.7 |
       Dungeon |   3416 |   3347 |     69 |    387 |   2289 |   3 | 1138.7 |
               +--------+--------+--------+--------+--------+-----+--------+

Top non-repeatable levels by time:
     D:2: 1577 daAuts
     D:1: 1250 daAuts
     D:3: 589 daAuts
